 Dungeon Crawl Stone Soup version 0.29-a0-993-g4a18f31a58 (webtiles) character file.

Game seed: 14164801191634384809

644 quinnr the Geomancer (level 7, -2/31 (36) HPs)
             Began as a Deep Elf Earth Elementalist on Aug 3, 2022.
             Slain by a wight
             ... wielding a +0 falchion
              (5 damage)
             ... on level 6 of the Dungeon.
             The game lasted 00:09:40 (4542 turns).

quinnr the Geomancer (Deep Elf Earth Elementalist)  Turns: 4542, Time: 00:09:40

HP:   -2/31 (36)    AC:  3    Str:  5    XL:     7   Next: 27%
MP:   11/13         EV: 12    Int: 22    God:
Gold: 229           SH:  0    Dex: 15    Spells: 6/12 levels left

rFire   . . .      SeeInvis .   A - +1 dagger (holy)
rCold   . . .      Faith    .   (no shield)
rNeg    + . .      Spirit   .   a - +0 robe
rPois   .          Reflect  .   (no helmet)
rElec   .          Harm     .   (no cloak)
rCorr   .          Rampage  .   (no gloves)
Will    .....                   k - +0 pair of boots
Stlth   ++........              (no amulet)
HPRegen 0.10/turn               x - ring of positive energy
MPRegen 0.13/turn               (no ring)

@: heavily drained
A: no striking features
a: no special abilities


You were on level 6 of the Dungeon.
You visited 1 branch of the dungeon, and saw 6 of its levels.

You collected 229 gold pieces.

Inventory:

Hand Weapons
 A - a +1 dagger of holy wrath (weapon)
Missiles
 m - 3 poisoned darts
Armour
 a - a +0 robe (worn)
 k - a +0 pair of boots (worn)
Jewellery
 p - a ring of fire
 t - an amulet of guardian spirit
 x - a ring of positive energy (left hand)
Scrolls
 c - a scroll of blinking {unknown}
 g - 2 scrolls of enchant armour {unknown}
 h - 2 scrolls of amnesia
 q - a scroll of fog {unknown}
 s - 2 scrolls of teleportation {unknown}
 w - a scroll of magic mapping {unknown}
 y - a scroll of torment {unknown}
Potions
 b - a potion of magic
 d - a potion of haste {unknown}
 e - a potion of brilliance {unknown}
 f - a potion of mutation
 i - 2 potions of heal wounds
 j - a potion of might {unknown}
 l - a potion of flight {unknown}
 n - a potion of curing
 o - a potion of invisibility {unknown}
 r - a potion of lignification
 u - 3 potions of cancellation


   Skills:
 - Level 2.4 Dodging
 - Level 2.4 Stealth
 - Level 3.0 Spellcasting
 - Level 1.1 Transmutations
 + Level 9.3 Earth Magic


You had 6 spell levels left.
You knew the following spells:

 Your Spells              Type           Power      Damage    Failure   Level
a - Sandblast             Erth           88%        2d18      1%          1
b - Stone Arrow           Conj/Erth      46%        3d9       5%          3
c - Passwall              Tmut/Erth      21%        N/A       2%          2

Your spell library contained the following spells:

 Spells                   Type           Power      Damage    Failure   Level
 Petrify                  Tmut/Erth      26%        N/A       14%         4
 Ensorcelled Hibernation  Hex/Ice        6%         N/A       19%         2
 Static Discharge         Conj/Air       3%         3-4/arc   19%         2
 Leda's Liquefaction      Hex/Erth       11%        N/A       19%         4
 Call Canine Familiar     Summ           3%         N/A       36%         3
 Portal Projectile        Hex/Tloc       6%         N/A       36%         3
 Swiftness                Air            3%         N/A       36%         3
 Summon Lightning Spire   Summ/Air       3%         N/A       77%         4
 Lightning Bolt           Conj/Air       1%         1d12      98%         5
 Storm Form               Tmut/Air       2%         N/A       100%        7
 Maxwell's Capacitive Co  Air            1%         ∞         100%        8


Dungeon Overview and Level Annotations

Branches:
Dungeon (7/15)
 Temple: D:4-7

Altars:
The Shining One

Annotations:
D:6 3 runed translucent doors, ytrimaz's ghost, novice FoFi


Message History

Press: ? - help, Shift-Dir - straight line, f - wight
Aim: a wight, wielding a +0 falchion and wearing a +0 robe (85% to hit)
The blast of sand hits the wight but does no damage.
Unknown command.
Casting: Sandblast (safe; 1% risk of failure)
Confirm with . or Enter, or press ? or * to list all spells.
Aiming: Sandblast (safe; 1% risk of failure)
Press: ? - help, Shift-Dir - straight line, f/p - wight
Aim: a wight, wielding a +0 falchion and wearing a +0 robe (85% to hit)
The blast of sand hits the wight.
The wight is lightly damaged.
The wight hits you with a +0 falchion! x2; You partially resist.
You feel drained.
Casting: Sandblast (safe; 1% risk of failure)
Confirm with . or Enter, or press ? or * to list all spells.
Aiming: Sandblast (safe; 1% risk of failure)
Press: ? - help, Shift-Dir - straight line, f/p - wight
Aim: a wight, wielding a +0 falchion and wearing a +0 robe (lightly damaged, 85% to hit)
The blast of sand hits the wight but does no damage.
The wight is lightly damaged.
The wight misses you. The wight hits you with a +0 falchion.
You partially resist.
You feel drained. The wight attacks as you move away!
The wight hits you with a +0 falchion.
* * * LOW HITPOINT WARNING * * *
You partially resist.
You feel drained.
* * * LOW HITPOINT WARNING * * *
The wight attacks as you move away! The wight hits you with a +0 falchion.
* * * LOW HITPOINT WARNING * * *
You partially resist.
You feel drained.
Okay, then.
As you read the scroll labelled QUORICK XAUNE, it crumbles to dust.
It is a scroll of enchant weapon.
Really abort (and waste the scroll)? [Y]es or [N]o only, please.
Really abort (and waste the scroll)? [Y]es or [N]o only, please.
Really abort (and waste the scroll)?
Okay, then.
The wight hits you with a +0 falchion.
You die...

#####.#.####..#.
..........##.Y.
#####.#.#.##..#
#.#.#.##..#
###.#.#.#.##..#
..........##..#
###.#.........# .
#.#.######$##########....
# #.# #....@zzz$......
#.# ############..#. #.#
... ..


You could see 3 wights.

Vanquished Creatures
  Eustachio (D:4)
  2 centaurs
  A necrophage (D:6)
  A scorpion (D:3)
  2 iguanas
  Terence (D:3)
  5 adders
  A white imp (D:3)
  2 worms
  2 dart slugs
  9 orcs
  8 ball pythons
  8 endoplasms
  6 giant cockroaches
  7 goblins
  8 hobgoblins
  2 jackals (D:3)
  A quokka (D:3)
  6 bats
  4 frilled lizards
  7 kobolds
  2 rats
86 creatures vanquished.

Vanquished Creatures (others)
  5 fungi (D:3)
  4 plants (D:6)
9 creatures vanquished.

Grand Total: 95 creatures vanquished

Notes
Turn   | Place    | Note
-------+----------+-------------------------------------------
     0 | D:1      | quinnr the Deep Elf Earth Elementalist began the quest for
                  | the Orb.
     0 | D:1      | Reached XP level 1. HP: 10/10 MP: 6/6
   219 | D:1      | Reached skill level 4 in Earth Magic
   219 | D:1      | Reached XP level 2. HP: 15/15 MP: 6/8
   499 | D:1      | Found a faded altar of an unknown god.
   935 | D:2      | Reached XP level 3. HP: 19/19 MP: 6/9
   939 | D:2      | Learned a level 3 spell: Stone Arrow
   942 | D:2      | Learned a level 2 spell: Passwall
  1322 | D:2      | Reached skill level 5 in Earth Magic
  1974 | D:3      | Reached XP level 4. HP: 24/24 MP: 7/10
  2747 | D:3      | Reached skill level 6 in Earth Magic
  2843 | D:3      | Noticed a scorpion
  2856 | D:3      | Gained mutation: You are weak. (Str -2) [potion of
                  | mutation]
  2856 | D:3      | Lost mutation: You are weak. (Str -2) [potion of mutation]
  3012 | D:3      | Killed a scorpion
  3013 | D:3      | Reached XP level 5. HP: 23/28 MP: 7/11
  3139 | D:3      | Noticed Terence
  3141 | D:3      | Killed Terence
  3142 | D:3      | Reached skill level 7 in Earth Magic
  3351 | D:4      | Found a glowing golden altar of the Shining One.
  3553 | D:4      | Noticed Eustachio
  4284 | D:4      | Killed Eustachio
  4285 | D:4      | Reached skill level 8 in Earth Magic
  4285 | D:4      | Reached XP level 6. HP: 32/32 MP: 9/12
  4309 | D:4      | You fall into a shaft and drop 3 floors!
  4430 | D:6      | Reached skill level 9 in Earth Magic
  4430 | D:6      | Reached XP level 7. HP: 25/36 MP: 10/13
  4430 | D:6      | Found a runed translucent gate.
  4430 | D:6      | Found a runed translucent gate.
  4430 | D:6      | Found a runed translucent gate.
  4432 | D:6      | Noticed ytrimaz's ghost (novice FoFi)
  4541 | D:6      | HP: 3/32 [wight/+0 falchion (4)]
  4542 | D:6      | Slain by a wight

Illustrated notes

Levels and vault maps discovered:
D:1:      zaba_arrival_water, layout_loops_ring,
          shapermc_ecumenical_altar_mp_urbaneastern
D:2:      layout_basic
D:3:      layout_loops_ring, nrook_mini_vaults, ebering_dispersal_statue_hall,
          grunt_ministairs_2, dreamdust_mushroom_princess, nrook_uturn,
          minmay_divided_ellipse, uniq_terence
D:4:      layout_rooms, tso_metal_star, uniq_eustachio
D:6:      layout_basic, lightli_ossuary_entry_decrepit_ruins,
          gammafunk_ghost_nasty_kobolds, uniq_crazy_yiuf_cottage
D:7:      layout_cave_pools, mainiacjoe_overflow_catwalk,
          trog_three_pillars_becter, chequers_serial_rivers_room_b,
          chequers_serial_rivers_large_a

Skill      XL: |  1  2  3  4  5  6 |
---------------+-------------------+-----
Earth Magic    | 4 5 6 8 9 |  9.3
Dodging        | |  2.4
Stealth        | |  2.4
Spellcasting   | |  3.0
Transmutations | |  1.1

Action                   |  1- 3 |  4- 6 |  7- 9 || total
-------------------------+-------+-------+-------++-------
Melee: Unarmed           |     1 |     6 |       ||     7
 Cast: Sandblast         |    56 |    63 |     7 ||   126
       Stone Arrow       |       |     2 |       ||     2
       Passwall          |       |     2 |       ||     2
  Use: Potion            |       |     2 |       ||     2
       Scroll            |       |     4 |     1 ||     5
Armor: Robe              |    14 |    20 |       ||    34
Dodge: Dodged            |    15 |    69 |     1 ||    85

Table legend: (Time is in decaauts)
 A = Elapsed time spent in this place.
 B = Non-inter-level travel time spent in this place.
 C = Inter-level travel time spent in this place.
 D = Time resting spent in this place.
 E = Time spent auto-exploring this place.
 F = Levels seen in this place.
 G = Mean time per level.
                   A        B        C        D        E       F      G
               +--------+--------+--------+--------+--------+-----+--------+
         Total |   4678 |   4574 |    104 |    581 |   3192 |   6 |  779.7 |
       Dungeon |   4678 |   4574 |    104 |    581 |   3192 |   6 |  779.7 |
               +--------+--------+--------+--------+--------+-----+--------+

Top non-repeatable levels by time:
     D:3: 1643 daAuts
     D:2: 980 daAuts
     D:1: 929 daAuts
     D:4: 875 daAuts
     D:6: 136 daAuts
     D:7: 112 daAuts
